 Dungeon Crawl Stone Soup version 0.18.1-48-g4cf74bf (webtiles) character file.

74 grulito the Caller (level 4, -10/24 HPs)
             Began as a Gargoyle Summoner on July 1, 2016.
             Mangled by Crazy Yiuf
             ... wielding a +4 quarterstaff of chaos
              (13 damage)
             ... on level 2 of the Dungeon.
             The game lasted 00:16:46 (2852 turns).

grulito the Caller (Gargoyle Summoner)              Turns: 2852, Time: 00:16:47

Health: -10/24     AC:  5    Str: 11    XL:     4   Next: 30%
Magic:  1/7        EV: 12    Int: 17    God:
Gold:   43         SH:  0    Dex: 10    Spells: 2 memorised, 4 levels left

rFire  . . .     SeeInvis .     e - +0 short sword
rCold  . . .     Gourm    .     a - +0 robe
rNeg   + . .     Faith    .     (no shield)
rPois  ∞         Spirit   .     (no helmet)
rElec  +         Dismiss  .     (no cloak)
rCorr  .         Reflect  .     (no gloves)
SustAt .         Harm     .     (no boots)
MR     .....                    (no amulet)
Stlth  ++........               (no ring)
                                (no ring)

@: not resistant to hostile enchantments, unstealthy
A: negative energy resistance 1, electricity resistance, unbreathing,
petrification resistance, rot immunity, AC +3
a: no special abilities


You were on level 2 of the Dungeon.
You were very hungry.

You visited 1 branch of the dungeon, and saw 2 of its levels.

You collected 43 gold pieces.

Inventory:

Hand Weapons
 e - a +0 short sword (weapon)
Armour
 a - a +0 robe (worn)
Jewellery
 l - an uncursed ring of protection from magic {unknown}
Scrolls
 f - a scroll of identify {unknown}
 h - a scroll of enchant weapon {unknown}
 i - a scroll of recharging {unknown}
 n - a scroll of noise {unknown}
Potions
 d - a potion of agility {unknown}
 j - a potion of cancellation {unknown}
 k - a potion of brilliance {unknown}
 m - a potion of might {unknown}
Books
 b - a book of Callings

   Spells                             Type                      Level
   a - Summon Small Mammal            Summoning                    1
   b - Call Imp                       Summoning                    2
   c - Call Canine Familiar           Summoning                    3
   d - Summon Guardian Golem          Hexes/Summoning              3
   e - Summon Lightning Spire         Summoning/Air                4
   f - Summon Ice Beast               Ice/Summoning                4
Comestibles
 c - 2 bread rations
 g - a meat ration


   Skills:
 - Level 1.5 Dodging
 - Level 2.1 Stealth
 - Level 2.0 Spellcasting
 * Level 5.1 Summonings


You had 4 spell levels left.
You knew the following spells:

 Your Spells              Type           Power        Failure   Level  Hunger
a - Summon Small Mammal   Summ           ###.         2%          1    #......
b - Call Imp              Summ           ###.....     3%          2    ###....


Dungeon Overview and Level Annotations

Branches:
Dungeon (2/15)

Altars:

Annotations:
D:2 Crazy Yiuf, Terence


Innate Abilities, Weirdness & Mutations

You are resistant to torment.
Your stone body is resilient (AC +3).
You are immune to poison.
You resist negative energy.
You are resistant to electric shocks.
You can survive without breathing.
You are immune to petrification.
You are immune to rotting.


Message History

Crazy Yiuf hits you with a quarterstaff of chaos!
Crazy Yiuf freezes you.
Your crimson imp closely misses the bat.
Casting: Call Imp
Confirm with . or Enter, or press ? or * to list all spells.
You don't know that spell.
Unknown command.
You miss the bat. The bat barely misses you.
The bat barely misses your crimson imp. Crazy Yiuf closely misses you.
The bat barely misses your crimson imp.
Your crimson imp closely misses the bat.
You barely miss the bat. The bat hits you but does no damage.
The bat closely misses you.
Crazy Yiuf hits you with a quarterstaff of chaos.
* * * LOW HITPOINT WARNING * * *
x2 Your crimson imp hits the bat.
The bat dies!
Crazy Yiuf hits you with a quarterstaff of chaos!
Ouch! That really hurt!
You die...

..#.........# #.## #.# #.......
..#.........# #..# #.# #.......
...........# ##.## #.###.......
###.........# #..# #..........#
...#......b.#####.###...........
............'...........########
#.......†..######.##...........
#......bg.##.##...########
#.#.#######@##..#...#......#
#.#.# #5###.#...#.####.# #.#.#
#.# #...#.#.#..#.# #.#.# #.#
##..#.#.#(...# #.#.###
#.####..#.#.###### #.#.@<#
#.......#.#.......
#.#.############..#÷########
#...........................
################..######...#


You could see Crazy Yiuf, a bat and a friendly crimson imp.

Vanquished Creatures
  A gnoll (D:1)
  An adder (D:2)
  A bat (D:2)
  A giant cockroach (D:1)
  2 hobgoblins (D:1)
  A jackal (D:1)
  2 kobolds (D:1)
9 creatures vanquished.

Vanquished Creatures (collateral kills)
  4 gnolls
  2 oozes (D:1)
  A dart slug (D:1)
  A giant gecko (D:1)
  6 bats
  2 giant cockroaches (D:1)
  7 goblins
  7 hobgoblins
  2 jackals (D:1)
  3 kobolds
  A giant newt (D:1)
  2 rats (D:1)
38 creatures vanquished.

Grand Total: 47 creatures vanquished

Notes
Turn   | Place    | Note
--------------------------------------------------------------
     0 | D:1      | grulito the Gargoyle Summoner began the quest for the Orb.
     0 | D:1      | Reached XP level 1. HP: 10/10 MP: 3/3
   332 | D:1      | Reached skill level 4 in Summonings
   332 | D:1      | Reached XP level 2. HP: 13/15 MP: 0/5
   978 | D:1      | Reached XP level 3. HP: 17/19 MP: 1/6
  1552 | D:2      | Learned a level 2 spell: Call Imp
  1595 | D:2      | Noticed Terence
  2173 | D:2      | Reached skill level 5 in Summonings
  2173 | D:2      | Reached XP level 4. HP: 19/24 MP: 0/7
  2307 | D:2      | Noticed Crazy Yiuf
  2852 | D:2      | Mangled by Crazy Yiuf

Skill      XL: |  1  2  3 |
---------------+----------+-----
Summonings     | 4 5 |  5.1
Dodging        | |  1.5
Stealth        | |  2.1
Spellcasting   | |  2.0

Action                   |  1- 3 |  4- 6 || total
-------------------------+-------+-------++-------
Melee: Unarmed           |    12 |       ||    12
       Short sword       |    28 |    15 ||    43
 Cast: Summon Small Mamm |    56 |     9 ||    65
       Call Imp          |    12 |     9 ||    21
 Stab: Distracted        |     1 |       ||     1
  Eat: Chunk             |     2 |       ||     2
       Meat ration       |     1 |       ||     1
Armor: Robe              |    53 |     8 ||    61
Dodge: Dodged            |    79 |    25 ||   104
